 Dungeon Crawl Stone Soup version 0.31-a0-16-g6d2539766c (webtiles) character file.

Game seed: 5887780927835737435

1463 subawu the Cleaver (level 8, -2/62 (63) HPs)
             Began as a Minotaur Monk on May 4, 2023.
             Was a Believer of Hepliaklqana.
             Killed from afar by an electric eel (8 damage)
             ... with a bolt of electricity
             ... on level 6 of the Dungeon on May 8, 2023.
             The game lasted 00:29:53 (5469 turns).

subawu the Cleaver (Minotaur Monk)                  Turns: 5469, Time: 00:29:53

HP:   -2/62 (63)    AC: 17    Str: 16    XL:     8   Next: 48%
MP:   7/7           EV:  6    Int:  9    God:    Hepliaklqana [**....]
Gold: 321           SH:  0    Dex: 13    Spells: 7/7 levels left

rFire   . . .        a - +1 hand axe
rCold   . . .        d - orb {light}
rNeg    . . .        x - +0 plate armour
rPois   .            (helmet restricted)
rElec   .            (no cloak)
rCorr   .            h - +0 pair of gloves
SInv    .            m - +1 pair of boots
Will    .....        (no amulet) Stlth
                     (no ring)
HPRegen 0.30/turn    (no ring)
MPRegen 0.10/turn

%: no passive effects
@: glowing, lightly drained
A: reduced essence, horns 2, retaliatory headbutt, iridescent scales 1, passive
freeze, wild magic 1
a: Renounce Religion, Ancestor Life: Knight, Ancestor Life: Battlemage, Ancestor
Life: Hexer, Recall Ancestor, Ancestor Identity


You were on level 6 of the Dungeon.
You worshipped Hepliaklqana.
Hepliaklqana was pleased with you.
You visited 2 branches of the dungeon, and saw 7 of its levels.

You collected 321 gold pieces.

Inventory:

Hand Weapons
 a - a +1 hand axe (weapon)
 n - a +0 mace
 p - a +0 spear
 q - a +0 hand axe
 u - a +0 short sword
 C - a +3 short sword
Missiles
 j - 26 stones (quivered)
 l - 12 poisoned darts
Armour
 b - a +1 robe
 d - an orb of light (worn)
 h - a +0 pair of gloves (worn)
 m - a +1 pair of boots (worn)
 s - a +0 ring mail
 x - a +0 plate armour (worn)
Magical Staves
 A - a staff of cold
Wands
 t - a wand of digging (8)
 w - a wand of light (18)
 B - a wand of iceblast (8)
Scrolls
 g - 3 scrolls of magic mapping
 o - 3 scrolls of identify
 r - 2 scrolls of teleportation
 y - a scroll of fear
Potions
 c - 2 potions of ambrosia
 e - a potion of cancellation
 f - 4 potions of curing
 i - a potion of might
 k - 2 potions of brilliance
 v - a potion of experience {unknown}
 z - a potion of lignification {unknown}


   Skills:
 + Level 6.6 Fighting
 + Level 9.4 Axes
 + Level 4.4 Armour
 + Level 6.0 Dodging
 + Level 0.7 Stealth


You had 7 spell levels left.
You didn't know any spells.
Your spell library contained the following spells:

 Spells                   Type           Power      Damage    Failure   Level
 Blink                    Tloc           0%         N/A       100%        2
 Ensorcelled Hibernation  Hex/Ice        0%         N/A       100%        2
 Spider Form              Tmut/Pois      0%         N/A       100%        3
 Summon Guardian Golem    Hex/Summ       0%         N/A       100%        3
 Anguish                  Hex/Necr       0%         N/A       100%        4
 Manifold Assault         Tloc           0%         N/A       100%        4
 Orb of Destruction       Conj           0%         9d5       100%        7
 Spellforged Servitor     Conj/Summ      0%         N/A       100%        7
 Storm Form               Tmut/Air       0%         N/A       100%        7


Dungeon Overview and Level Annotations

Branches:
Dungeon (6/15)             Temple (1/1) D:4

Altars:
Ashenzari
Cheibriados
Dithmenos
Elyvilon
Fedhas
Gozag
Hepliaklqana
Kikubaaqudgha
Makhleb
Nemelex Xobeh
Qazlal
Ru
Trog
Uskayaw
Vehumet
Wu Jian
Xom
Yredelemnul
Zin
The Shining One

Shops:
D:4 ?


Innate Abilities, Weirdness & Mutations

Your life essence is reduced to manifest your ancestor. (-10% HP)
You have a pair of horns on your head.
You reflexively headbutt those who attack you in melee.
You are partially covered in iridescent scales. (AC +2)
A frigid envelope surrounds you and freezes all who hurt you.
Your spells are a little harder to cast, but a little more powerful.


Message History

The plant is lightly damaged.
You slash the plant!
The plant begins to die.
Publia hits the plant.
You slash the plant! You headbutt the plant.
The plant is lightly damaged.
You completely miss the plant.
Publia completely misses the plant.
You hit the plant. You headbutt the plant.
The plant is lightly damaged.
You hit the plant.
Publia hits the plant!
You hit the plant.
The plant is lightly damaged.
You hit the plant.
A nearby plant withers and dies. x2
You enter the shallow water.
Moving in this stuff is going to be slow.
You swap places.
You swap places.
An electric eel comes into view.
The electric eel shoots out a bolt of lightning at you!
The bolt of electricity hits you!
The electric eel shoots out a bolt of lightning at you!
The bolt of electricity hits you! The bolt of electricity hits you.
The bolt of electricity hits the electric eel.
The electric eel completely resists.
The electric eel shoots out a bolt of lightning at you!
The bolt of electricity hits you! The bolt of electricity hits you.
* * * LOW HITPOINT WARNING * * *
The bolt of electricity hits the electric eel.
The electric eel completely resists.
You enter the shallow water.
Moving in this stuff is going to be slow.
The electric eel shoots out a bolt of lightning at you!
The bolt of electricity hits you.
* * * LOW HITPOINT WARNING * * *
The bolt of electricity hits you!
* * * LOW HITPOINT WARNING * * *
The bolt of electricity hits the electric eel.
The electric eel completely resists.
Publia hits the electric eel!
Found a hide-covered altar of Uskayaw.
The electric eel shoots out a bolt of lightning at you!
The bolt of electricity hits you!
You die...

...... .≈.≈.
....##.≈.≈._. .≈
####......≈.≈...≈.
#.?.........≈≈≈≈≈.
#....)...§§....§. .#
#..).R...§≈§≈≈≈≈§ ..#
#....))#<..§§§..§§ ...#
.......###...###.###...#
.......# ######@~♣~.#
.>.....###### #.~~~♣.#
....####P.~P# #..S~~♣
.....#P~.P~.# #.R#.##
.$..~P.PPP~~ ##...#
P.P~♣~~~~ #.###
P♣~~~P.P# #.#
♣~~.P~P.#####.#
PPP~........#.#


You could see the friendly Publia the ancestor and an electric eel (ally
target).

Vanquished Creatures
  Grinder (D:3)
  Eustachio (D:4)
  A water moccasin (D:5)
  A phantom (D:5)
  2 scorpions (D:5)
  3 wights (D:6)
  A howler monkey (D:4)
  A hound (D:5)
  2 orc priests
  2 iguanas
  2 orc wizards (D:4)
  Terence (D:2)
  A mummy (D:3)
  9 adders
  4 gnolls (D:4)
  An ufetubus (D:4)
  3 worms
  2 dart slugs
  16 orcs
  8 ball pythons
  9 endoplasms
  3 giant cockroaches
  3 hobgoblins
  6 quokkas
  4 bats
  5 frilled lizards
  4 goblins
  6 kobolds
  2 rats
104 creatures vanquished.

Vanquished Creatures (collateral kills)
  An ogre (D:5)
  A wight (D:6)
  A howler monkey (D:5)
  A dart slug (D:5)
  2 orcs (D:5)
6 creatures vanquished.

Grand Total: 110 creatures vanquished

Notes
Turn   | Place    | Note
-------+----------+-------------------------------------------
     0 | D:1      | subawu the Minotaur Monk began the quest for the Orb.
     0 | D:1      | Reached XP level 1. HP: 19/19 MP: 0/0
   233 | D:1      | Reached XP level 2. HP: 27/27 MP: 1/1
   261 | D:1      | Reached skill level 4 in Axes
   271 | D:1      | Upgraded the game from 0.31-a0-4-gefa6de2278 to
                  | 0.31-a0-16-g6d2539766c
  1078 | D:2      | Reached XP level 3. HP: 33/33 MP: 2/2
  1404 | D:2      | Noticed Terence
  1409 | D:2      | Killed Terence
  1410 | D:2      | Reached skill level 5 in Axes
  1410 | D:2      | Reached XP level 4. HP: 36/40 MP: 3/3
  1877 | D:3      | Found a snail-covered altar of Cheibriados.
  1953 | D:3      | Noticed Grinder
  1968 | D:3      | Paralysed by Grinder for 5 turns
  1976 | D:3      | Paralysed by Grinder for 3 turns
  1982 | D:3      | Killed Grinder
  1983 | D:3      | Reached skill level 6 in Axes
  1983 | D:3      | Reached XP level 5. HP: 22/47 MP: 4/4
  1983 | D:3      | Reached XP level 6. HP: 26/55 MP: 5/5
  2218 | D:3      | Found a blossoming altar of Fedhas.
  2604 | D:3      | Reached skill level 5 in Fighting
  2764 | D:4      | Gained mutation: Your spells are a little harder to cast,
                  | but a little more powerful. [potion of mutation]
  2764 | D:4      | Gained mutation: A frigid envelope surrounds you and
                  | freezes all who hurt you. [potion of mutation]
  2764 | D:4      | Gained mutation: You are partially covered in iridescent
                  | scales. (AC +2) [potion of mutation]
  2908 | D:4      | Reached skill level 5 in Dodging
  2949 | D:4      | Found Xuruj's Magic Scroll Boutique.
  3076 | D:4      | Reached skill level 7 in Axes
  3478 | D:4      | Noticed Eustachio
  3496 | D:4      | Killed Eustachio
  3497 | D:4      | Reached skill level 1 in Armour
  3497 | D:4      | Reached XP level 7. HP: 54/62 MP: 6/6
  3725 | D:4      | Found a staircase to the Ecumenical Temple.
  3731 | Temple   | Entered the Ecumenical Temple
  3962 | Temple   | Became a worshipper of Hepliaklqana the Forgotten
  3962 | Temple   | Reached * piety under Hepliaklqana
  3962 | Temple   | Reached ** piety under Hepliaklqana
  4034 | D:5      | Entered Level 5 of the Dungeon
  4093 | D:5      | Reached skill level 8 in Axes
  4341 | D:5      | Found a sacrificial altar of Ru.
  4425 | D:5      | Reached XP level 8. HP: 63/63 MP: 7/7
  4646 | D:5      | Reached skill level 9 in Axes
  5469 | D:6      | Found a hide-covered altar of Uskayaw.
  5469 | D:6      | Killed from afar by an electric eel

Illustrated notes

Levels and vault maps discovered:
D:1:      amcnicky_arrival_abandoned_market, layout_loops_ring
D:2:      layout_basic, uniq_terence
D:3:      layout_rooms, mainiacjoe_overflow_surrounded_room, slow_altar_1,
          uniq_grinder
D:4:      layout_basic, minmay_temple_entry_fiery, serial_shops, shop_fountains,
          minmay_circle_x, uniq_eustachio
D:5:      layout_basic, kennysheep_little_box
D:6:      layout_basic, mainiacjoe_overflow_concentric_impassable, serial_bayou,
          serial_bayou_pond_d, serial_bayou_lake_a, serial_bayou_shore_b,
          serial_bayou_pond_e, serial_bayou_lagoon_a,
          dilly_guarded_unrand_throatcut, uniq_maggie
Temple:   nicolae_temple_superstar

Skill      XL: |  1  2  3  4  5  6  7  8 |
---------------+-------------------------+-----
Axes           | 4 5 6 7 8 9 |  9.4
Fighting       | 4 5 6 |  6.6
Dodging        | 4 5 6 |  6.0
Armour         | 1 2 4 |  4.4
Stealth        | |  0.7

Action                     |  1- 3 |  4- 6 |  7- 9 || total
---------------------------+-------+-------+-------++-------
  Melee: Hand axe          |    70 |    75 |    50 ||   195
         Headbutt          |     8 |    15 |    15 ||    38
    Use: Scroll            |       |     9 |     1 ||    10
         Potion            |       |     5 |       ||     5
 Armour: Robe              |    16 |     7 |       ||    23
         Ring mail         |       |    27 |       ||    27
         Plate armour      |       |       |    30 ||    30
  Dodge: Dodged            |    64 |    61 |    27 ||   152

Table legend: (Time is in decaauts)
 A = Elapsed time spent in this place.
 B = Non-inter-level travel time spent in this place.
 C = Inter-level travel time spent in this place.
 D = Time resting spent in this place.
 E = Time spent auto-exploring this place.
 F = Levels seen in this place.
 G = Mean time per level.
                   A        B        C        D        E       F      G
               +--------+--------+--------+--------+--------+-----+--------+
         Total |   5471 |   4948 |    523 |    428 |      0 |   7 |  781.6 |
       Dungeon |   5222 |   4699 |    523 |    428 |      0 |   6 |  870.3 |
        Temple |    248 |    248 |      0 |      0 |      0 |   1 |  248.0 |
               +--------+--------+--------+--------+--------+-----+--------+

Top non-repeatable levels by time:
     D:4: 1050 daAuts
     D:2: 989 daAuts
     D:5: 931 daAuts
     D:3: 891 daAuts
     D:1: 858 daAuts
     D:6: 501 daAuts
  Temple: 248 daAuts
